[ AOE2 MATCH · #478875673 ]
Team RMArmenians vs Romans
[ REPLAY ANALYSIS · EXTRACTED FROM THE RECORDED GAME ]
Feudal
15:37
Castle
26:39
Imperial
—
| APM avg | 33.6 |
| APM peak | 71 |
| eAPM avg | 15.3 |
| Villagers / military | 55 / 50 |
Focus
⚔️ 29.8% · 🌾 70.2%
Militia ×40 · Composite Bowman ×9 · Monk ×1
Feudal
14:09
Castle
20:09
Imperial
—
| APM avg | 33.2 |
| APM peak | 82 |
| eAPM avg | 15.8 |
| Villagers / military | 51 / 28 |
Focus
⚔️ 32.9% · 🌾 67.1%
Fishing Ship ×9 · Scout Cavalry ×9 · Scorpion ×5 · Knight ×4 · Skirmisher ×3 · Cavalry Archer ×3
Feudal
14:04
Castle
23:54
Imperial
—
| APM avg | 25.0 |
| APM peak | 49 |
| eAPM avg | 19.4 |
| Villagers / military | 142 / 29 |
Focus
⚔️ 14.7% · 🌾 85.3%
Galley ×15 · Teutonic Knight ×12 · Fishing Ship ×6 · Demolition Raft ×2
Feudal
12:58
Castle
17:02
Imperial
30:23
| APM avg | 27.9 |
| APM peak | 56 |
| eAPM avg | 21.3 |
| Villagers / military | 175 / 82 |
Focus
⚔️ 25.2% · 🌾 74.8%
Woad Raider ×82 · Fishing Ship ×20
Feudal
16:42
Castle
20:28
Imperial
—
| APM avg | 40.0 |
| APM peak | 88 |
| eAPM avg | 16.3 |
| Villagers / military | 84 / 1 |
Focus
⚔️ 20.0% · 🌾 80.0%
Fishing Ship ×58 · Unknown (2586) ×44 · Unknown (2550) ×4 · Monk ×1
Feudal
19:23
Castle
23:44
Imperial
33:50
| APM avg | 19.1 |
| APM peak | 53 |
| eAPM avg | 14.5 |
| Villagers / military | 94 / 6 |
Focus
⚔️ 17.3% · 🌾 82.7%
Unknown (1974) ×22 · Fishing Ship ×19 · Demolition Raft ×5 · Scout Cavalry ×1
Feudal
13:49
Castle
20:19
Imperial
—
| APM avg | 19.1 |
| APM peak | 53 |
| eAPM avg | 10.6 |
| Villagers / military | 70 / 65 |
Focus
⚔️ 38.2% · 🌾 61.8%
Samurai ×28 · Archer ×23 · Fishing Ship ×11 · Battering Ram ×10 · Skirmisher ×4
Feudal
13:40
Castle
20:45
Imperial
35:46
| APM avg | 26.6 |
| APM peak | 51 |
| eAPM avg | 14.4 |
| Villagers / military | 83 / 22 |
Focus
⚔️ 14.0% · 🌾 86.0%
Fishing Ship ×40 · Knight ×15 · Unknown (2626) ×3 · Trebuchet (Packed) ×3 · Fire Galley ×2 · Battering Ram ×1
Match map
Initial resources + every placement click. Lines = walls · curves = elevation contours. ◆ gold · ⬟ stone · ● berries · ✦ relic · ◌ wall gap
Your base· Open — 10t gap
kunal-AOE's base· Open — 13t gap
mbettis243's base· Open — 1t gap
圣代桥冰织's base· Open — unwalled flank
CC182's base· Open — 3t gap
北宫寻思's base· Open — 5t gap
Desastamasta88's base· Open — unwalled flank
thomas shelby's base· Open — 14t gap
Smoothed initial terrain · ◌ = detected wall gap · hover for details
Inputs per minute
— Biggus Dickus - - kunal-AOE
Build order — Biggus Dickus
First 150 of 167 actions detected
| 0:47 | Build | Town Center |
| 2:51 | Build | House |
| 2:58 | Create | Villager (Male) |
| 2:58 | Create | Villager (Male) |
| 2:59 | Create | Villager (Male) |
| 2:59 | Create | Villager (Male) |
| 2:59 | Create | Villager (Male) |
| 4:18 | Create | Villager (Male) |
| 4:38 | Build | House |
| 4:59 | Create | Villager (Male) |
| 5:04 | Create | Villager (Male) |
| 6:03 | Create | Villager (Male) |
| 6:03 | Create | Villager (Male) |
| 6:03 | Create | Villager (Male) |
| 6:03 | Create | Villager (Male) |
| 6:03 | Create | Villager (Male) |
| 6:09 | Build | House |
| 6:21 | Build | Mule Cart |
| 6:49 | Create | Villager (Male) |
| 7:34 | Create | Villager (Male) |
| 7:44 | Create | Villager (Male) |
| 8:34 | Create | Villager (Male) |
| 8:52 | Build | Mill |
| 9:01 | Create | Villager (Male) |
| 9:08 | Build | Barracks |
| 9:19 | Create | Villager (Male) |
| 9:36 | Build | House |
| 9:42 | Create | Villager (Male) |
| 10:00 | Create | Militia |
| 10:35 | Create | Villager (Male) |
| 10:39 | Build | House |
| 11:22 | Build | Mill |
| 12:19 | Create | Villager (Male) |
| 13:27 | Research | Feudal Age |
| 13:27 | Research | Feudal Age |
| 15:12 | Create | Militia |
| 15:18 | Build | Barracks |
| 15:30 | Create | Villager (Male) |
| 15:30 | Create | Villager (Male) |
| 15:37 | Age | Feudal Age |
| 15:37 | Research | Man-at-Arms (upgrade) |
| 16:00 | Build | Blacksmith |
| 16:04 | Create | Villager (Male) |
| 16:20 | Research | Arson |
| 16:23 | Research | Long Swordsman (upgrade) |
| 16:35 | Build | House |
| 16:38 | Create | Villager (Male) |
| 16:43 | Build | House |
| 16:49 | Create | Militia |
| 16:50 | Create | Militia |
| 16:51 | Create | Militia |
| 16:53 | Create | Militia |
| 17:03 | Build | House |
| 17:04 | Build | House |
| 17:15 | Create | Militia |
| 17:19 | Create | Militia |
| 17:31 | Create | Militia |
| 17:32 | Create | Militia |
| 17:41 | Create | Villager (Male) |
| 17:55 | Research | Scale Mail Armor |
| 18:04 | Create | Militia |
| 18:04 | Create | Militia |
| 19:02 | Create | Militia |
| 19:02 | Create | Militia |
| 19:02 | Create | Militia |
| 19:02 | Create | Militia |
| 19:02 | Create | Militia |
| 19:03 | Create | Militia |
| 19:48 | Create | Militia |
| 19:49 | Create | Militia |
| 19:49 | Create | Militia |
| 19:49 | Create | Militia |
| 20:00 | Create | Militia |
| 20:01 | Create | Militia |
| 20:01 | Create | Militia |
| 20:32 | Build | Mule Cart |
| 21:10 | Build | Market |
| 21:57 | Create | Villager (Male) |
| 21:58 | Create | Villager (Male) |
| 22:07 | Build | Mill |
| 23:34 | Create | Villager (Male) |
| 23:53 | Build | Watch Tower |
| 23:56 | Research | Loom |
| 23:59 | Research | Castle Age |
| 24:59 | Create | Militia |
| 25:00 | Create | Militia |
| 25:00 | Create | Militia |
| 25:00 | Create | Militia |
| 25:22 | Create | Militia |
| 25:59 | Create | Militia |
| 26:00 | Create | Militia |
| 26:37 | Build | Farm |
| 26:39 | Age | Castle Age |
| 26:52 | Build | Farm |
| 26:53 | Create | Villager (Male) |
| 26:54 | Create | Villager (Male) |
| 27:37 | Build | Farm |
| 27:38 | Create | Villager (Male) |
| 27:49 | Build | Farm |
| 28:46 | Build | Castle |
| 29:09 | Build | Farm |
| 29:10 | Create | Villager (Male) |
| 29:10 | Create | Villager (Male) |
| 29:13 | Research | Horse Collar |
| 29:48 | Build | Monastery |
| 29:58 | Create | Composite Bowman |
| 29:58 | Create | Composite Bowman |
| 30:07 | Research | Gambesons |
| 30:12 | Build | Farm |
| 30:14 | Build | Farm |
| 30:32 | Create | Composite Bowman |
| 30:32 | Create | Composite Bowman |
| 30:45 | Create | Composite Bowman |
| 30:53 | Create | Monk |
| 30:57 | Create | Villager (Male) |
| 30:57 | Create | Villager (Male) |
| 30:58 | Create | Villager (Male) |
| 31:09 | Research | Heavy Plow |
| 31:21 | Create | Composite Bowman |
| 31:21 | Create | Composite Bowman |
| 31:42 | Research | Padded Archer Armor |
| 31:51 | Research | Chain Mail Armor |
| 32:33 | Create | Villager (Male) |
| 32:33 | Create | Villager (Male) |
| 33:24 | Build | Mule Cart |
| 33:28 | Research | Double-Bit Axe |
| 33:40 | Research | Two-Handed Swordsman (upgrade) |
| 33:48 | Build | Farm |
| 33:56 | Build | Farm |
| 34:01 | Build | Mill |
| 35:14 | Build | Farm |
| 35:15 | Build | Farm |
| 35:16 | Build | Farm |
| 35:17 | Build | Farm |
| 35:18 | Build | Farm |
| 35:30 | Create | Villager (Male) |
| 35:30 | Create | Villager (Male) |
| 35:31 | Create | Villager (Male) |
| 35:46 | Build | Castle |
| 35:52 | Create | Militia |
| 35:53 | Create | Militia |
| 35:53 | Create | Militia |
| 35:55 | Create | Militia |
| 35:56 | Create | Militia |
| 35:56 | Create | Militia |
| 36:20 | Create | Militia |
| 36:21 | Create | Militia |
| 36:41 | Create | Villager (Male) |
| 36:41 | Create | Villager (Male) |
| 37:18 | Research | Bow Saw |
Build order — kunal-AOE
131 actions detected in the replay
| 0:35 | Build | Town Center |
| 2:15 | Build | House |
| 2:41 | Create | Villager (Male) |
| 2:41 | Create | Villager (Male) |
| 2:41 | Create | Villager (Male) |
| 2:41 | Create | Villager (Male) |
| 2:52 | Build | Dock |
| 3:40 | Create | Villager (Male) |
| 4:25 | Create | Villager (Male) |
| 5:07 | Research | Loom |
| 5:23 | Create | Villager (Male) |
| 5:23 | Create | Villager (Male) |
| 5:23 | Create | Villager (Male) |
| 5:33 | Build | House |
| 6:08 | Create | Fishing Ship |
| 6:43 | Create | Villager (Male) |
| 6:43 | Create | Villager (Male) |
| 6:43 | Create | Villager (Male) |
| 7:19 | Build | House |
| 7:27 | Create | Fishing Ship |
| 7:46 | Create | Villager (Male) |
| 8:13 | Build | Mill |
| 8:38 | Create | Villager (Male) |
| 8:38 | Create | Villager (Male) |
| 8:39 | Create | Villager (Male) |
| 8:40 | Create | Villager (Male) |
| 8:54 | Create | Villager (Male) |
| 8:54 | Create | Villager (Male) |
| 9:03 | Build | House |
| 9:22 | Create | Villager (Male) |
| 9:22 | Create | Villager (Male) |
| 9:34 | Build | Mining Camp |
| 9:54 | Create | Villager (Male) |
| 10:08 | Build | House |
| 10:19 | Create | Fishing Ship |
| 10:20 | Create | Fishing Ship |
| 10:21 | Create | Villager (Male) |
| 10:31 | Build | House |
| 11:03 | Build | House |
| 11:23 | Build | Lumber Camp |
| 11:43 | Build | House |
| 11:59 | Research | Feudal Age |
| 12:31 | Build | House |
| 12:33 | Create | Fishing Ship |
| 12:34 | Create | Fishing Ship |
| 13:04 | Build | Barracks |
| 13:12 | Build | House |
| 13:16 | Create | Fishing Ship |
| 14:09 | Age | Feudal Age |
| 14:12 | Build | Blacksmith |
| 14:22 | Create | Villager (Male) |
| 14:22 | Create | Villager (Male) |
| 15:01 | Build | Stable |
| 15:19 | Create | Villager (Male) |
| 15:19 | Create | Villager (Male) |
| 15:53 | Build | Archery Range |
| 16:00 | Create | Villager (Male) |
| 16:31 | Create | Fishing Ship |
| 16:31 | Create | Fishing Ship |
| 16:35 | Create | Villager (Male) |
| 17:04 | Create | Villager (Male) |
| 17:21 | Research | Castle Age |
| 17:56 | Create | Scout Cavalry |
| 17:59 | Create | Skirmisher |
| 17:59 | Create | Skirmisher |
| 18:04 | Create | Spearman |
| 18:04 | Create | Spearman |
| 18:42 | Build | Watch Tower |
| 18:48 | Build | Palisade Gate |
| 19:36 | Create | Scout Cavalry |
| 19:36 | Create | Scout Cavalry |
| 20:09 | Age | Castle Age |
| 20:11 | Create | Knight |
| 20:11 | Create | Knight |
| 20:51 | Create | Villager (Male) |
| 20:51 | Create | Villager (Male) |
| 20:51 | Create | Villager (Male) |
| 20:52 | Create | Villager (Male) |
| 20:52 | Create | Villager (Male) |
| 21:36 | Create | Cavalry Archer |
| 21:36 | Create | Cavalry Archer |
| 21:36 | Create | Cavalry Archer |
| 22:01 | Build | Castle |
| 22:08 | Create | Villager (Male) |
| 22:08 | Create | Villager (Male) |
| 22:19 | Build | Palisade Gate |
| 22:21 | Build | House |
| 22:32 | Build | Palisade Gate |
| 23:06 | Research | Fletching |
| 23:10 | Create | Scout Cavalry |
| 23:21 | Create | Villager (Male) |
| 23:43 | Build | Siege Workshop |
| 24:09 | Create | Skirmisher |
| 24:32 | Build | Town Center |
| 25:01 | Research | Wheelbarrow |
| 25:31 | Build | Palisade Gate |
| 25:35 | Build | Palisade Wall |
| 26:18 | Create | Villager (Male) |
| 26:18 | Create | Villager (Male) |
| 26:18 | Create | Villager (Male) |
| 26:19 | Create | Villager (Male) |
| 27:22 | Create | Scout Cavalry |
| 27:22 | Create | Scout Cavalry |
| 28:36 | Build | Mining Camp |
| 28:55 | Build | Castle |
| 29:01 | Create | Villager (Male) |
| 29:01 | Create | Villager (Male) |
| 29:23 | Create | Villager (Male) |
| 29:24 | Create | Villager (Male) |
| 29:36 | Create | Villager (Male) |
| 30:53 | Build | Town Center |
| 31:06 | Build | Siege Workshop |
| 31:11 | Create | Scout Cavalry |
| 31:43 | Create | Scorpion |
| 31:43 | Create | Scorpion |
| 31:50 | Create | Scout Cavalry |
| 31:51 | Create | Knight |
| 31:51 | Create | Knight |
| 32:48 | Create | Villager (Male) |
| 32:58 | Create | Centurion |
| 33:00 | Create | Scout Cavalry |
| 33:47 | Build | Mining Camp |
| 33:51 | Create | Scorpion |
| 33:51 | Create | Scorpion |
| 33:51 | Create | Scorpion |
| 34:07 | Create | Villager (Male) |
| 34:14 | Build | Mining Camp |
| 34:28 | Create | Battering Ram |
| 37:00 | Build | Farm |
| 38:51 | Create | Villager (Male) |
| 38:52 | Create | Villager (Male) |
Build order — mbettis243
First 150 of 234 actions detected
| 0:20 | Build | Town Center |
| 1:18 | Build | House |
| 1:19 | Build | House |
| 2:44 | Create | Villager (Male) |
| 2:45 | Create | Villager (Male) |
| 2:45 | Create | Villager (Male) |
| 2:45 | Create | Villager (Male) |
| 2:45 | Create | Villager (Male) |
| 3:02 | Research | Loom |
| 3:49 | Build | Mill |
| 3:59 | Create | Villager (Male) |
| 4:00 | Create | Villager (Male) |
| 5:31 | Build | Mill |
| 6:19 | Create | Villager (Male) |
| 6:19 | Create | Villager (Male) |
| 6:19 | Create | Villager (Male) |
| 6:19 | Create | Villager (Male) |
| 6:34 | Build | Lumber Camp |
| 6:57 | Create | Villager (Male) |
| 6:57 | Create | Villager (Male) |
| 6:57 | Create | Villager (Male) |
| 7:10 | Build | House |
| 7:12 | Build | House |
| 7:24 | Create | Villager (Male) |
| 7:24 | Create | Villager (Male) |
| 7:41 | Create | Villager (Male) |
| 7:42 | Create | Villager (Male) |
| 8:26 | Create | Villager (Male) |
| 9:18 | Create | Villager (Male) |
| 9:18 | Create | Villager (Male) |
| 9:40 | Create | Villager (Male) |
| 9:41 | Create | Villager (Male) |
| 10:30 | Create | Villager (Male) |
| 10:30 | Create | Villager (Male) |
| 10:30 | Create | Villager (Male) |
| 11:04 | Build | Mining Camp |
| 11:54 | Research | Feudal Age |
| 12:45 | Build | House |
| 12:46 | Build | House |
| 13:10 | Build | Palisade Wall |
| 13:11 | Build | Palisade Gate |
| 13:28 | Build | Palisade Wall |
| 13:49 | Build | Lumber Camp |
| 13:55 | Build | Lumber Camp |
| 14:04 | Age | Feudal Age |
| 14:06 | Research | Wheelbarrow |
| 14:07 | Research | Town Watch |
| 14:13 | Research | Double-Bit Axe |
| 14:51 | Research | Horse Collar |
| 15:04 | Build | Palisade Wall |
| 15:07 | Build | Palisade Wall |
| 15:11 | Research | Town Watch |
| 15:33 | Build | Market |
| 15:34 | Build | Blacksmith |
| 15:57 | Research | Stone Mining |
| 16:08 | Research | Gold Mining |
| 16:08 | Research | Gold Mining |
| 16:31 | Build | Farm |
| 16:31 | Build | Farm |
| 16:47 | Create | Villager (Male) |
| 16:56 | Create | Villager (Male) |
| 16:56 | Create | Villager (Male) |
| 17:00 | Create | Villager (Male) |
| 17:00 | Create | Villager (Male) |
| 17:11 | Build | Lumber Camp |
| 17:17 | Build | Farm |
| 17:32 | Build | Lumber Camp |
| 17:41 | Build | Farm |
| 18:05 | Build | Farm |
| 18:08 | Create | Villager (Male) |
| 18:08 | Create | Villager (Male) |
| 18:24 | Build | Farm |
| 18:25 | Build | Farm |
| 18:35 | Build | Farm |
| 18:38 | Create | Villager (Male) |
| 18:38 | Create | Villager (Male) |
| 18:45 | Build | Farm |
| 18:50 | Build | Farm |
| 19:11 | Build | Farm |
| 19:16 | Build | Farm |
| 19:16 | Build | Farm |
| 19:17 | Build | Farm |
| 19:29 | Create | Villager (Male) |
| 19:29 | Create | Villager (Male) |
| 19:29 | Create | Villager (Male) |
| 19:40 | Build | Mill |
| 19:59 | Build | Farm |
| 20:03 | Build | Farm |
| 20:05 | Create | Villager (Male) |
| 20:05 | Create | Villager (Male) |
| 20:08 | Create | Villager (Male) |
| 20:14 | Create | Villager (Male) |
| 20:40 | Create | Villager (Male) |
| 21:03 | Create | Villager (Male) |
| 21:14 | Research | Castle Age |
| 21:23 | Create | Villager (Male) |
| 21:48 | Build | Dock |
| 21:58 | Create | Villager (Male) |
| 22:09 | Build | House |
| 22:10 | Build | House |
| 22:16 | Build | House |
| 22:18 | Build | House |
| 22:21 | Build | House |
| 22:29 | Create | Fishing Ship |
| 22:29 | Create | Fishing Ship |
| 22:29 | Create | Fishing Ship |
| 22:43 | Research | Forging |
| 22:44 | Research | Scale Mail Armor |
| 22:47 | Research | Scale Barding Armor |
| 22:56 | Build | House |
| 22:58 | Build | House |
| 23:04 | Build | Palisade Gate |
| 23:22 | Create | Fishing Ship |
| 23:22 | Create | Fishing Ship |
| 23:22 | Create | Fishing Ship |
| 23:35 | Create | Villager (Male) ×5 |
| 23:35 | Create | Villager (Male) ×5 |
| 23:36 | Create | Villager (Male) ×3 |
| 23:54 | Age | Castle Age |
| 23:59 | Create | Villager (Male) ×2 |
| 23:59 | Create | Villager (Male) ×2 |
| 24:18 | Build | University |
| 24:21 | Create | Villager (Male) |
| 24:22 | Create | Villager (Male) |
| 24:22 | Create | Villager (Male) |
| 24:44 | Build | Town Center |
| 25:15 | Build | Town Center |
| 25:57 | Create | Villager (Male) |
| 25:57 | Create | Villager (Male) |
| 26:07 | Create | Villager (Male) |
| 26:07 | Create | Villager (Male) |
| 26:18 | Research | Bow Saw |
| 26:51 | Create | Villager (Male) ×5 |
| 26:52 | Create | Villager (Male) ×5 |
| 27:05 | Create | Villager (Male) ×2 |
| 27:14 | Build | Mining Camp |
| 27:21 | Create | Villager (Male) |
| 27:21 | Create | Villager (Male) |
| 27:22 | Create | Villager (Male) |
| 27:23 | Create | Villager (Male) |
| 27:25 | Create | Villager (Male) |
| 27:25 | Create | Villager (Male) |
| 27:33 | Create | Demolition Raft ×2 |
| 27:44 | Research | War Galley (upgrade) |
| 27:50 | Create | Villager (Male) ×3 |
| 27:50 | Create | Villager (Male) ×3 |
| 28:10 | Research | Stone Shaft Mining |
| 28:33 | Research | Heavy Plow |
| 28:33 | Research | Heavy Plow |
| 28:43 | Create | Villager (Male) |
Build order — 圣代桥冰织
First 150 of 410 actions detected
| 0:08 | Build | House |
| 0:18 | Build | Town Center |
| 1:02 | Build | Dock |
| 2:43 | Create | Villager (Male) |
| 2:43 | Create | Villager (Male) |
| 2:43 | Create | Villager (Male) |
| 2:44 | Create | Villager (Male) |
| 2:44 | Create | Villager (Male) |
| 3:42 | Create | Villager (Male) |
| 3:42 | Create | Villager (Male) |
| 3:55 | Create | Fishing Ship |
| 4:26 | Build | House |
| 4:46 | Create | Villager (Male) |
| 4:47 | Create | Villager (Male) |
| 5:08 | Create | Villager (Male) |
| 5:09 | Create | Villager (Male) |
| 5:19 | Build | House |
| 5:25 | Create | Fishing Ship |
| 5:26 | Create | Fishing Ship |
| 5:37 | Create | Villager (Male) |
| 6:06 | Create | Fishing Ship |
| 6:06 | Create | Fishing Ship |
| 6:06 | Create | Villager (Male) |
| 6:20 | Build | House |
| 6:34 | Create | Fishing Ship |
| 6:34 | Create | Fishing Ship |
| 6:35 | Create | Villager (Male) |
| 7:00 | Create | Villager (Male) |
| 7:01 | Create | Villager (Male) |
| 7:02 | Create | Fishing Ship |
| 7:02 | Create | Fishing Ship |
| 7:22 | Create | Villager (Male) |
| 7:22 | Create | Villager (Male) |
| 7:25 | Create | Fishing Ship |
| 7:34 | Create | Villager (Male) |
| 7:47 | Create | Villager (Male) |
| 7:47 | Create | Villager (Male) |
| 7:55 | Create | Fishing Ship |
| 7:56 | Create | Fishing Ship |
| 8:05 | Create | Fishing Ship |
| 8:24 | Build | House |
| 8:40 | Build | Mill |
| 8:43 | Create | Villager (Male) |
| 9:05 | Create | Villager (Male) |
| 9:16 | Create | Fishing Ship |
| 9:27 | Create | Villager (Male) |
| 9:51 | Research | Loom |
| 10:20 | Create | Fishing Ship |
| 10:21 | Create | Villager (Male) |
| 10:37 | Build | Mining Camp |
| 10:39 | Research | Feudal Age |
| 10:53 | Build | Lumber Camp |
| 11:21 | Build | House |
| 12:21 | Build | Dock |
| 12:42 | Create | Villager (Male) |
| 12:43 | Create | Villager (Male) |
| 12:46 | Build | House |
| 12:58 | Age | Feudal Age |
| 12:59 | Build | Blacksmith |
| 13:03 | Build | Market |
| 13:06 | Research | Town Watch |
| 13:15 | Research | Double-Bit Axe |
| 14:22 | Research | Castle Age |
| 14:40 | Build | Stone Wall |
| 14:48 | Build | Stone Wall |
| 14:53 | Build | Stone Wall |
| 14:57 | Build | Stone Wall |
| 14:58 | Build | Stone Wall |
| 15:13 | Build | Palisade Wall |
| 15:14 | Build | Palisade Wall |
| 15:30 | Research | Horse Collar |
| 15:37 | Research | Tech 906 |
| 15:39 | Create | Fishing Ship |
| 15:39 | Create | Fishing Ship |
| 15:43 | Build | Stone Wall |
| 15:58 | Build | Stone Wall |
| 16:26 | Build | House |
| 16:28 | Build | House |
| 16:35 | Create | Fishing Ship |
| 16:35 | Create | Fishing Ship |
| 16:37 | Create | Fishing Ship |
| 16:45 | Build | House |
| 16:47 | Build | House |
| 16:57 | Build | Stone Wall |
| 17:02 | Age | Castle Age |
| 17:07 | Create | Villager (Male) |
| 17:07 | Create | Villager (Male) |
| 17:10 | Build | Town Center |
| 17:16 | Build | Town Center |
| 17:23 | Build | House |
| 17:36 | Create | Villager (Male) |
| 17:47 | Build | Dock |
| 17:55 | Research | Gillnets |
| 17:56 | Research | Bow Saw |
| 18:00 | Research | Heavy Plow |
| 18:04 | Build | House |
| 18:07 | Build | House |
| 18:14 | Create | Villager (Male) |
| 18:19 | Build | Lumber Camp |
| 18:46 | Create | Villager (Male) |
| 18:47 | Create | Villager (Male) |
| 18:47 | Create | Villager (Male) |
| 18:47 | Create | Villager (Male) |
| 18:50 | Create | Villager (Male) |
| 18:52 | Build | Farm |
| 18:54 | Build | Farm |
| 18:54 | Create | Villager (Male) |
| 18:54 | Create | Villager (Male) |
| 18:56 | Create | Villager (Male) |
| 18:56 | Create | Villager (Male) |
| 19:00 | Build | Farm |
| 19:02 | Build | Farm |
| 19:02 | Create | Villager (Male) |
| 19:02 | Create | Villager (Male) |
| 19:04 | Build | Farm |
| 19:06 | Create | Villager (Male) |
| 19:07 | Create | Villager (Male) |
| 19:12 | Create | Villager (Male) |
| 19:14 | Build | House |
| 19:16 | Build | Farm |
| 19:31 | Create | Villager (Male) |
| 19:32 | Create | Villager (Male) |
| 19:38 | Build | Farm |
| 19:38 | Create | Villager (Male) |
| 19:39 | Build | Farm |
| 19:43 | Build | House |
| 19:45 | Build | House |
| 19:46 | Create | Villager (Male) |
| 19:46 | Create | Villager (Male) |
| 19:46 | Create | Villager (Male) |
| 19:54 | Create | Villager (Male) |
| 20:08 | Build | House |
| 20:09 | Build | House |
| 20:15 | Create | Villager (Male) |
| 20:15 | Create | Villager (Male) |
| 20:16 | Create | Villager (Male) |
| 20:17 | Create | Villager (Male) |
| 20:24 | Create | Villager (Male) |
| 20:24 | Create | Villager (Male) |
| 20:31 | Build | Town Center |
| 20:31 | Create | Villager (Male) |
| 20:31 | Create | Villager (Male) |
| 20:36 | Create | Villager (Male) |
| 20:41 | Build | Farm |
| 20:43 | Build | Farm |
| 20:44 | Create | Villager (Male) |
| 20:45 | Build | Farm |
| 20:46 | Create | Villager (Male) |
| 20:47 | Build | Farm |
| 20:48 | Create | Villager (Male) |
Build order — CC182
First 150 of 250 actions detected
| 0:06 | Build | Town Center |
| 0:11 | Build | House |
| 0:12 | Build | House |
| 1:03 | Build | Dock |
| 2:40 | Create | Villager (Male) |
| 2:40 | Create | Villager (Male) |
| 2:40 | Create | Villager (Male) |
| 2:41 | Create | Villager (Male) |
| 2:41 | Create | Villager (Male) |
| 4:00 | Create | Villager (Male) |
| 4:00 | Create | Villager (Male) |
| 4:25 | Create | Fishing Ship |
| 4:25 | Create | Fishing Ship |
| 4:25 | Create | Fishing Ship |
| 4:36 | Research | Loom |
| 5:18 | Create | Fishing Ship |
| 5:19 | Create | Fishing Ship |
| 5:19 | Create | Fishing Ship |
| 5:38 | Create | Villager (Male) |
| 5:38 | Create | Villager (Male) |
| 5:47 | Create | Fishing Ship |
| 6:07 | Build | House |
| 6:22 | Create | Fishing Ship |
| 6:22 | Create | Fishing Ship |
| 6:56 | Create | Fishing Ship |
| 6:56 | Create | Fishing Ship |
| 6:57 | Create | Fishing Ship |
| 7:10 | Create | Villager (Male) |
| 7:10 | Create | Villager (Male) |
| 7:10 | Create | Villager (Male) |
| 7:30 | Create | Fishing Ship |
| 7:51 | Build | House |
| 7:53 | Create | Villager (Male) |
| 7:53 | Create | Villager (Male) |
| 7:53 | Create | Villager (Male) |
| 8:01 | Create | Villager (Male) |
| 8:02 | Create | Villager (Male) |
| 8:02 | Create | Villager (Male) |
| 8:06 | Create | Fishing Ship |
| 8:06 | Create | Fishing Ship |
| 8:38 | Create | Villager (Male) |
| 8:38 | Create | Villager (Male) |
| 9:05 | Build | Dock |
| 9:08 | Create | Villager (Male) |
| 9:08 | Create | Villager (Male) |
| 9:08 | Create | Villager (Male) |
| 9:12 | Create | Fishing Ship |
| 9:12 | Create | Fishing Ship |
| 9:12 | Create | Fishing Ship |
| 9:29 | Create | Villager (Male) |
| 9:29 | Create | Villager (Male) |
| 9:30 | Create | Villager (Male) |
| 9:50 | Build | House |
| 9:53 | Create | Villager (Male) |
| 9:53 | Create | Villager (Male) |
| 9:53 | Create | Villager (Male) |
| 9:57 | Create | Fishing Ship |
| 10:12 | Create | Fishing Ship |
| 10:19 | Create | Villager (Male) |
| 10:19 | Create | Villager (Male) |
| 10:23 | Create | Fishing Ship |
| 10:28 | Build | House |
| 10:35 | Create | Villager (Male) |
| 10:55 | Create | Fishing Ship |
| 11:00 | Build | House |
| 11:01 | Build | House |
| 11:03 | Create | Villager (Male) |
| 11:14 | Create | Fishing Ship |
| 11:17 | Create | Villager (Male) |
| 11:17 | Create | Villager (Male) |
| 11:17 | Create | Villager (Male) |
| 11:31 | Create | Fishing Ship |
| 11:52 | Create | Villager (Male) |
| 11:56 | Create | Fishing Ship |
| 11:58 | Create | Fishing Ship |
| 12:02 | Create | Villager (Male) |
| 12:09 | Build | Settlement |
| 12:31 | Create | Villager (Male) |
| 12:38 | Create | Villager (Male) |
| 12:43 | Create | Fishing Ship |
| 12:49 | Build | Dock |
| 13:10 | Build | Settlement |
| 13:14 | Create | Villager (Male) |
| 13:26 | Create | Fishing Ship |
| 13:36 | Create | Fishing Ship |
| 13:36 | Create | Fishing Ship |
| 13:55 | Create | Fishing Ship |
| 14:21 | Build | Barracks |
| 14:32 | Research | Feudal Age |
| 14:48 | Create | Unit 2550 |
| 14:48 | Create | Unit 2550 |
| 15:03 | Create | Fishing Ship |
| 15:04 | Create | Fishing Ship |
| 15:28 | Build | House |
| 16:31 | Create | Fishing Ship |
| 16:31 | Create | Fishing Ship |
| 16:42 | Age | Feudal Age |
| 16:57 | Build | Market |
| 17:03 | Build | Blacksmith |
| 17:28 | Build | Outpost |
| 17:48 | Research | Castle Age |
| 18:02 | Build | House |
| 18:03 | Build | House |
| 18:05 | Research | Forging |
| 18:05 | Research | Scale Mail Armor |
| 18:10 | Build | Barracks |
| 18:19 | Build | Barracks |
| 18:39 | Research | Scale Mail Armor |
| 19:29 | Build | Barracks |
| 19:32 | Build | Barracks |
| 20:20 | Build | Farm |
| 20:24 | Build | Farm |
| 20:28 | Research | Double-Bit Axe |
| 20:28 | Age | Castle Age |
| 20:31 | Research | Horse Collar |
| 20:34 | Create | Unit 2586 |
| 20:34 | Create | Unit 2586 |
| 20:34 | Create | Unit 2586 |
| 20:35 | Create | Unit 2586 |
| 20:35 | Create | Unit 2586 |
| 20:35 | Create | Unit 2586 |
| 20:35 | Create | Unit 2586 |
| 20:35 | Create | Unit 2586 |
| 20:36 | Create | Unit 2586 |
| 20:36 | Create | Unit 2586 |
| 21:00 | Build | Dock |
| 21:23 | Create | Unit 2586 |
| 21:23 | Create | Unit 2586 |
| 21:23 | Create | Unit 2586 |
| 21:24 | Create | Unit 2586 |
| 21:24 | Create | Unit 2586 |
| 21:32 | Build | Monastery |
| 21:54 | Create | Unit 2586 |
| 21:54 | Create | Unit 2586 |
| 21:54 | Create | Unit 2586 |
| 21:55 | Create | Unit 2586 |
| 22:43 | Create | Unit 2586 |
| 22:43 | Create | Unit 2586 |
| 22:44 | Create | Unit 2586 |
| 22:50 | Create | Fishing Ship |
| 22:51 | Create | Fishing Ship |
| 22:51 | Create | Fishing Ship |
| 22:51 | Create | Fishing Ship |
| 22:51 | Create | Fishing Ship |
| 22:52 | Create | Fishing Ship |
| 22:52 | Create | Fishing Ship |
| 23:15 | Build | Stone Wall |
| 23:58 | Create | Villager (Male) |
| 23:58 | Create | Villager (Male) |
| 23:58 | Create | Villager (Male) |
Build order — 北宫寻思
First 150 of 224 actions detected
| 0:46 | Build | Town Center |
| 2:54 | Create | Villager (Male) |
| 2:54 | Create | Villager (Male) |
| 2:54 | Create | Villager (Male) |
| 2:55 | Create | Villager (Male) |
| 2:55 | Create | Villager (Male) |
| 3:49 | Build | House |
| 3:50 | Build | House |
| 4:10 | Create | Villager (Male) |
| 4:14 | Research | Loom |
| 4:18 | Create | Villager (Male) |
| 4:19 | Create | Villager (Male) |
| 4:19 | Create | Villager (Male) |
| 4:19 | Create | Villager (Male) |
| 5:19 | Create | Villager (Male) |
| 5:27 | Create | Villager (Male) |
| 5:51 | Create | Villager (Male) |
| 6:40 | Create | Villager (Male) |
| 7:02 | Create | Villager (Male) |
| 7:12 | Build | House |
| 7:14 | Build | House |
| 7:26 | Create | Villager (Male) |
| 7:30 | Create | Villager (Male) |
| 7:49 | Create | Villager (Male) |
| 8:25 | Build | Dock |
| 8:41 | Create | Villager (Male) |
| 8:52 | Create | Fishing Ship |
| 9:10 | Create | Villager (Male) |
| 9:29 | Create | Fishing Ship |
| 9:44 | Create | Villager (Male) |
| 10:05 | Build | Lumber Camp |
| 10:22 | Create | Villager (Male) |
| 10:34 | Build | House |
| 10:35 | Build | House |
| 10:49 | Create | Villager (Male) |
| 10:57 | Create | Fishing Ship |
| 11:15 | Create | Villager (Male) |
| 11:18 | Create | Fishing Ship |
| 11:38 | Create | Villager (Male) |
| 11:43 | Create | Fishing Ship |
| 12:04 | Create | Villager (Male) |
| 12:06 | Create | Fishing Ship |
| 12:18 | Build | Barracks |
| 12:46 | Create | Villager (Male) |
| 13:07 | Create | Fishing Ship |
| 13:24 | Build | Mill |
| 13:29 | Create | Villager (Male) |
| 13:30 | Create | Fishing Ship |
| 13:42 | Build | House |
| 13:53 | Build | House |
| 13:57 | Create | Villager (Male) |
| 14:08 | Build | Farm |
| 14:09 | Build | Farm |
| 14:20 | Create | Villager (Male) |
| 14:22 | Create | Fishing Ship |
| 14:51 | Build | Farm |
| 14:52 | Build | Farm |
| 14:55 | Create | Villager (Male) |
| 15:13 | Create | Fishing Ship |
| 15:14 | Create | Villager (Male) |
| 15:49 | Create | Villager (Male) |
| 15:51 | Create | Villager (Male) |
| 16:01 | Create | Fishing Ship |
| 16:17 | Create | Villager (Male) |
| 16:25 | Build | Dock |
| 16:50 | Build | House |
| 16:51 | Build | House |
| 16:53 | Build | House |
| 16:57 | Build | Mining Camp |
| 16:58 | Create | Villager (Male) |
| 17:00 | Create | Fishing Ship |
| 17:00 | Create | Fishing Ship |
| 17:12 | Research | Feudal Age |
| 17:35 | Create | Fishing Ship |
| 17:35 | Create | Fishing Ship |
| 18:12 | Create | Fishing Ship |
| 18:12 | Create | Fishing Ship |
| 18:48 | Create | Fishing Ship |
| 18:48 | Create | Fishing Ship |
| 19:23 | Age | Feudal Age |
| 19:24 | Create | Villager (Male) |
| 19:33 | Build | Stable |
| 19:37 | Create | Villager (Male) |
| 19:47 | Create | Villager (Male) |
| 20:14 | Build | Blacksmith |
| 20:18 | Create | Scout Cavalry |
| 20:39 | Create | Villager (Male) |
| 20:48 | Research | Castle Age |
| 20:48 | Research | Castle Age |
| 20:48 | Research | Castle Age |
| 21:05 | Build | House |
| 21:06 | Build | House |
| 21:09 | Build | House |
| 21:10 | Build | House |
| 21:32 | Research | Double-Bit Axe |
| 21:35 | Research | Stone Mining |
| 21:37 | Research | Gold Mining |
| 22:16 | Build | Fish Trap |
| 22:16 | Build | Fish Trap |
| 22:17 | Build | Fish Trap |
| 22:49 | Build | Fish Trap |
| 22:50 | Build | Fish Trap |
| 23:12 | Create | Villager (Male) |
| 23:42 | Create | Villager (Male) |
| 23:44 | Age | Castle Age |
| 23:55 | Build | Castle |
| 24:00 | Create | Villager (Male) |
| 24:10 | Build | Town Center |
| 24:10 | Create | Villager (Male) |
| 24:28 | Create | Unit 1974 |
| 24:28 | Create | Unit 1974 |
| 24:28 | Create | Unit 1974 |
| 25:28 | Create | Villager (Male) |
| 25:29 | Create | Villager (Male) |
| 25:43 | Create | Villager (Male) |
| 25:43 | Create | Villager (Male) |
| 25:44 | Create | Villager (Male) |
| 25:49 | Create | Unit 1974 |
| 25:49 | Create | Unit 1974 |
| 25:49 | Create | Unit 1974 |
| 25:50 | Create | Unit 1974 |
| 25:50 | Create | Unit 1974 |
| 25:50 | Create | Unit 1974 |
| 25:50 | Create | Unit 1974 |
| 25:50 | Create | Unit 1974 |
| 25:50 | Create | Unit 1974 |
| 25:58 | Create | Villager (Male) |
| 26:54 | Research | Fletching |
| 28:11 | Create | Villager (Male) |
| 28:12 | Create | Villager (Male) |
| 28:12 | Create | Villager (Male) |
| 30:24 | Create | Villager (Male) |
| 30:24 | Create | Villager (Male) |
| 30:40 | Research | Imperial Age |
| 31:00 | Create | Villager (Male) |
| 31:27 | Build | Town Center |
| 32:06 | Create | Villager (Male) |
| 32:06 | Create | Villager (Male) |
| 32:07 | Create | Villager (Male) |
| 32:20 | Build | Town Center |
| 32:39 | Create | Villager (Male) |
| 32:39 | Create | Villager (Male) |
| 32:40 | Create | Villager (Male) |
| 32:45 | Create | Villager (Male) |
| 32:54 | Create | Unit 1974 |
| 32:54 | Create | Unit 1974 |
| 33:29 | Create | Villager (Male) |
| 33:33 | Create | Villager (Male) |
| 33:33 | Create | Villager (Male) |
| 33:39 | Create | Villager (Male) |
Build order — Desastamasta88
First 150 of 232 actions detected
| 0:24 | Build | Town Center |
| 1:31 | Build | House |
| 1:37 | Build | Dock |
| 2:54 | Create | Villager (Male) |
| 2:54 | Create | Villager (Male) |
| 2:55 | Create | Villager (Male) |
| 2:55 | Create | Villager (Male) |
| 4:02 | Create | Fishing Ship |
| 4:35 | Research | Loom |
| 4:40 | Build | House |
| 4:48 | Create | Villager (Male) |
| 5:05 | Create | Fishing Ship |
| 5:44 | Create | Fishing Ship |
| 5:59 | Create | Villager (Male) |
| 6:33 | Build | House |
| 6:52 | Create | Fishing Ship |
| 7:02 | Create | Villager (Male) |
| 7:02 | Create | Villager (Male) |
| 7:07 | Create | Villager (Male) |
| 7:07 | Create | Villager (Male) |
| 7:09 | Create | Villager (Male) |
| 7:39 | Create | Fishing Ship |
| 8:20 | Create | Villager (Male) |
| 8:26 | Build | House |
| 8:37 | Create | Fishing Ship |
| 8:50 | Build | House |
| 8:53 | Create | Villager (Male) |
| 9:03 | Create | Villager (Male) |
| 9:32 | Build | Mill |
| 9:36 | Create | Villager (Male) |
| 9:38 | Create | Fishing Ship |
| 9:54 | Create | Villager (Male) |
| 10:04 | Create | Villager (Male) |
| 10:15 | Create | Fishing Ship |
| 10:36 | Build | Mill |
| 10:40 | Create | Villager (Male) |
| 10:43 | Create | Villager (Male) |
| 10:54 | Create | Villager (Male) |
| 11:24 | Build | House |
| 11:26 | Build | House |
| 11:27 | Build | House |
| 11:36 | Create | Fishing Ship |
| 11:39 | Research | Feudal Age |
| 11:55 | Create | Fishing Ship |
| 12:33 | Build | Lumber Camp |
| 12:39 | Create | Villager (Male) |
| 12:39 | Create | Villager (Male) |
| 12:42 | Create | Fishing Ship |
| 13:49 | Age | Feudal Age |
| 13:54 | Build | Market |
| 14:21 | Research | Tech 906 |
| 14:36 | Build | Mining Camp |
| 14:41 | Research | Double-Bit Axe |
| 14:44 | Create | Villager (Male) |
| 14:45 | Create | Villager (Male) |
| 14:45 | Create | Villager (Male) |
| 14:45 | Create | Villager (Male) |
| 15:16 | Build | Mining Camp |
| 15:24 | Create | Villager (Male) |
| 15:24 | Create | Villager (Male) |
| 16:51 | Build | Blacksmith |
| 16:54 | Build | Barracks |
| 16:59 | Create | Villager (Male) |
| 17:01 | Create | Villager (Male) |
| 17:33 | Research | Castle Age |
| 17:42 | Create | Villager (Male) |
| 17:42 | Create | Villager (Male) |
| 18:00 | Build | Archery Range |
| 18:02 | Build | Archery Range |
| 18:08 | Build | House |
| 18:12 | Build | House |
| 18:15 | Create | Villager (Male) |
| 18:16 | Create | Villager (Male) |
| 18:33 | Create | Villager (Male) |
| 19:00 | Create | Skirmisher |
| 19:00 | Create | Skirmisher |
| 19:00 | Create | Skirmisher |
| 19:01 | Create | Skirmisher |
| 19:08 | Create | Archer |
| 19:08 | Create | Archer |
| 19:11 | Create | Archer |
| 19:27 | Research | Gold Mining |
| 19:46 | Create | Villager (Male) |
| 19:50 | Create | Archer |
| 20:19 | Age | Castle Age |
| 20:29 | Build | Town Center |
| 20:34 | Create | Villager (Male) |
| 20:40 | Research | Horse Collar |
| 20:42 | Research | Bow Saw |
| 21:18 | Create | Villager (Male) |
| 21:24 | Research | Crossbowman (upgrade) |
| 21:24 | Research | Thumb Ring |
| 21:49 | Research | Fletching |
| 21:56 | Create | Archer |
| 21:56 | Create | Archer |
| 21:57 | Create | Archer |
| 23:01 | Research | Heavy Plow |
| 23:06 | Research | Stone Mining |
| 23:31 | Build | Castle |
| 23:38 | Create | Villager (Male) |
| 23:38 | Create | Villager (Male) |
| 23:45 | Create | Archer |
| 23:45 | Create | Archer |
| 23:45 | Create | Archer |
| 23:46 | Create | Archer |
| 23:46 | Create | Archer |
| 24:25 | Build | House |
| 24:26 | Build | House |
| 24:26 | Build | House |
| 24:27 | Build | House |
| 24:28 | Build | House |
| 24:31 | Create | Villager (Male) |
| 24:32 | Create | Villager (Male) |
| 24:33 | Create | Villager (Male) |
| 24:34 | Create | Villager (Male) |
| 24:36 | Create | Villager (Male) |
| 24:36 | Create | Villager (Male) |
| 24:47 | Create | Archer |
| 24:47 | Create | Archer |
| 24:47 | Create | Archer |
| 24:47 | Create | Archer |
| 25:22 | Build | Siege Workshop |
| 25:26 | Build | Mining Camp |
| 25:43 | Research | Bodkin Arrow |
| 26:02 | Create | Battering Ram |
| 26:02 | Create | Battering Ram |
| 26:14 | Create | Villager (Male) |
| 26:15 | Create | Villager (Male) |
| 26:15 | Create | Villager (Male) |
| 26:25 | Build | Farm |
| 26:26 | Build | Farm |
| 26:26 | Build | Farm |
| 26:27 | Build | Farm |
| 26:28 | Build | Farm |
| 26:28 | Build | Farm |
| 26:29 | Build | Farm |
| 26:41 | Build | Lumber Camp |
| 27:06 | Create | Samurai |
| 27:06 | Create | Samurai |
| 27:07 | Create | Samurai |
| 27:07 | Create | Samurai |
| 27:07 | Create | Samurai |
| 27:11 | Build | Farm |
| 28:11 | Create | Battering Ram |
| 28:11 | Create | Battering Ram |
| 28:16 | Create | Villager (Male) |
| 28:17 | Create | Villager (Male) |
| 28:17 | Create | Villager (Male) |
| 28:31 | Create | Villager (Male) |
| 28:32 | Create | Villager (Male) |
Build order — thomas shelby
First 150 of 271 actions detected
| 0:39 | Build | Dock |
| 1:15 | Build | Town Center |
| 1:25 | Build | House |
| 3:26 | Create | Villager (Male) |
| 3:33 | Create | Fishing Ship |
| 4:05 | Create | Villager (Male) |
| 4:06 | Create | Villager (Male) |
| 4:57 | Create | Villager (Male) |
| 5:12 | Create | Fishing Ship |
| 5:12 | Create | Fishing Ship |
| 5:25 | Create | Villager (Male) |
| 5:45 | Create | Fishing Ship |
| 5:56 | Build | House |
| 6:00 | Research | Loom |
| 6:23 | Create | Villager (Male) |
| 6:29 | Create | Fishing Ship |
| 6:30 | Create | Fishing Ship |
| 6:40 | Create | Villager (Male) |
| 7:02 | Create | Villager (Male) |
| 7:19 | Create | Fishing Ship |
| 7:19 | Create | Fishing Ship |
| 7:22 | Build | House |
| 7:39 | Create | Villager (Male) |
| 8:07 | Create | Villager (Male) |
| 8:11 | Create | Fishing Ship |
| 8:16 | Build | House |
| 8:45 | Create | Villager (Male) |
| 8:54 | Build | Mill |
| 9:28 | Create | Fishing Ship |
| 9:37 | Build | House |
| 9:39 | Create | Villager (Male) |
| 10:05 | Create | Villager (Male) |
| 10:11 | Create | Fishing Ship |
| 10:40 | Create | Villager (Male) |
| 10:54 | Create | Fishing Ship |
| 10:54 | Create | Fishing Ship |
| 11:00 | Build | House |
| 11:08 | Create | Villager (Male) |
| 11:37 | Research | Feudal Age |
| 11:56 | Build | Dock |
| 12:26 | Build | Lumber Camp |
| 12:48 | Create | Fishing Ship |
| 13:20 | Create | Fishing Ship |
| 13:40 | Age | Feudal Age |
| 13:48 | Create | Villager (Male) |
| 13:51 | Research | Double-Bit Axe |
| 14:05 | Build | Palisade Gate |
| 14:12 | Create | Villager (Male) |
| 14:15 | Create | Villager (Male) |
| 14:28 | Create | Unit 2626 |
| 14:33 | Create | Fire Galley |
| 15:03 | Create | Villager (Male) |
| 15:07 | Create | Villager (Male) |
| 15:33 | Create | Demolition Raft |
| 15:39 | Build | House |
| 15:46 | Build | Blacksmith |
| 15:52 | Research | Town Watch |
| 16:16 | Build | Market |
| 16:20 | Create | Villager (Male) |
| 16:24 | Build | House |
| 16:30 | Create | Villager (Male) |
| 16:44 | Research | Fletching |
| 16:57 | Create | Unit 2626 |
| 17:02 | Create | Fishing Ship |
| 17:11 | Research | Tech 906 |
| 17:14 | Create | Villager (Male) |
| 17:33 | Build | Outpost |
| 17:41 | Build | House |
| 17:42 | Build | House |
| 17:46 | Create | Villager (Male) |
| 18:20 | Research | Castle Age |
| 18:41 | Build | Palisade Gate |
| 18:45 | Build | House |
| 18:49 | Create | Villager (Male) |
| 18:56 | Build | Outpost |
| 19:14 | Create | Villager (Male) |
| 19:24 | Build | Mining Camp |
| 20:45 | Age | Castle Age |
| 20:51 | Research | Gillnets |
| 20:55 | Create | Fire Galley |
| 21:01 | Research | War Galley (upgrade) |
| 21:05 | Research | Bodkin Arrow |
| 21:18 | Build | Town Center |
| 21:22 | Create | Villager (Male) |
| 21:23 | Research | Bow Saw |
| 21:49 | Build | Outpost |
| 21:56 | Build | Outpost |
| 22:00 | Research | Wheelbarrow |
| 22:16 | Research | Gold Mining |
| 22:16 | Research | Stone Mining |
| 22:24 | Build | Town Center |
| 22:28 | Create | Villager (Male) |
| 22:41 | Create | Villager (Male) |
| 22:49 | Build | Outpost |
| 23:11 | Build | House |
| 23:11 | Build | House |
| 23:24 | Create | Villager (Male) |
| 23:28 | Create | Villager (Male) |
| 23:28 | Create | Villager (Male) |
| 23:32 | Create | Villager (Male) |
| 23:41 | Build | Farm |
| 23:41 | Build | Farm |
| 23:42 | Build | Farm |
| 23:43 | Build | Farm |
| 23:46 | Create | Villager (Male) |
| 23:57 | Create | Villager (Male) |
| 24:05 | Build | Farm |
| 24:11 | Create | Fishing Ship |
| 24:30 | Build | Dock |
| 24:33 | Create | Villager (Male) |
| 24:35 | Create | Villager (Male) |
| 24:39 | Build | Lumber Camp |
| 24:58 | Build | Town Center |
| 25:01 | Create | Villager (Male) |
| 25:01 | Create | Villager (Male) |
| 25:42 | Create | Villager (Male) |
| 25:47 | Build | Farm |
| 25:47 | Build | Farm |
| 25:49 | Build | Farm |
| 25:50 | Build | Farm |
| 25:52 | Create | Villager (Male) |
| 25:55 | Research | Horse Collar |
| 26:00 | Create | Fishing Ship |
| 26:07 | Create | Fishing Ship |
| 26:07 | Create | Fishing Ship |
| 26:23 | Build | Outpost |
| 26:25 | Create | Villager (Male) |
| 26:33 | Build | Barracks |
| 26:37 | Create | Villager (Male) |
| 26:41 | Research | Scale Barding Armor |
| 26:44 | Create | Villager (Male) |
| 26:54 | Create | Villager (Male) |
| 26:56 | Create | Villager (Male) |
| 27:01 | Create | Villager (Male) |
| 27:03 | Research | Heavy Plow |
| 27:22 | Create | Villager (Male) |
| 27:24 | Create | Villager (Male) |
| 27:44 | Create | Fishing Ship |
| 28:07 | Create | Villager (Male) |
| 28:14 | Build | Dock |
| 28:15 | Create | Villager (Male) |
| 28:17 | Create | Villager (Male) |
| 28:18 | Create | Villager (Male) |
| 28:22 | Build | Farm |
| 28:23 | Build | Farm |
| 28:23 | Build | Farm |
| 28:23 | Build | Farm |
| 28:23 | Build | Farm |
| 28:25 | Create | Villager (Male) |
| 28:26 | Create | Villager (Male) |
Match timeline
| 0:39 | thomas shelby · first_building Dock |
| 1:02 | 圣代桥冰织 · first_building Dock |
| 1:03 | CC182 · first_building Dock |
| 1:37 | Desastamasta88 · first_building Dock |
| 2:52 | kunal-AOE · first_building Dock |
| 8:25 | 北宫寻思 · first_building Dock |
| 9:08 | Biggus Dickus · first_building Barracks |
| 12:18 | 北宫寻思 · first_building Barracks |
| 12:58 | 圣代桥冰织 · age_up feudal |
| 13:04 | kunal-AOE · first_building Barracks |
| 13:10 | mbettis243 · wall_segment Palisade Wall x6 |
| 13:28 | mbettis243 · wall_segment Palisade Wall x2 |
| 13:40 | thomas shelby · age_up feudal |
| 13:49 | Desastamasta88 · age_up feudal |
| 14:04 | mbettis243 · age_up feudal |
| 14:09 | kunal-AOE · age_up feudal |
| 14:21 | CC182 · first_building Barracks |
| 14:22 | 圣代桥冰织 · first_market_sell 100 wood |
| 14:40 | 圣代桥冰织 · wall_segment Stone Wall x5 |
| 14:48 | 圣代桥冰织 · wall_segment Stone Wall x7 |
| 14:53 | 圣代桥冰织 · wall_segment Stone Wall x1 |
| 14:57 | 圣代桥冰织 · wall_segment Stone Wall x1 |
| 14:58 | 圣代桥冰织 · wall_segment Stone Wall x1 |
| 15:01 | kunal-AOE · first_building Stable |
| 15:04 | mbettis243 · wall_segment Palisade Wall x1 |
| 15:07 | mbettis243 · wall_segment Palisade Wall x6 |
| 15:13 | 圣代桥冰织 · wall_segment Palisade Wall x1 |
| 15:14 | 圣代桥冰织 · wall_segment Palisade Wall x1 |
| 15:37 | Biggus Dickus · age_up feudal |
| 15:43 | 圣代桥冰织 · wall_segment Stone Wall x12 |
| 15:53 | kunal-AOE · first_building Archery Range |
| 15:58 | 圣代桥冰织 · wall_segment Stone Wall x8 |
| 16:39 | 圣代桥冰织 · first_market_buy 100 stone |
| 16:42 | CC182 · age_up feudal |
| 16:54 | Desastamasta88 · first_building Barracks |
| 16:57 | 圣代桥冰织 · wall_segment Stone Wall x1 |
| 17:02 | 圣代桥冰织 · age_up castle |
| 18:00 | Desastamasta88 · first_building Archery Range |
| 18:19 | thomas shelby · first_market_sell 100 food |
| 19:23 | 北宫寻思 · age_up feudal |
| 19:33 | 北宫寻思 · first_building Stable |
| 20:09 | kunal-AOE · age_up castle |
| 20:19 | Desastamasta88 · age_up castle |
| 20:28 | CC182 · age_up castle |
| 20:31 | mbettis243 · first_market_sell 500 wood |
| 20:33 | mbettis243 · first_market_buy 100 food |
| 20:45 | thomas shelby · age_up castle |
| 21:27 | 圣代桥冰织 · first_building Siege Workshop |
| 21:32 | 圣代桥冰织 · wall_segment Stone Wall x1 |
| 21:32 | CC182 · first_building Monastery |
| 21:34 | 圣代桥冰织 · wall_segment Stone Wall x3 |
| 21:38 | 圣代桥冰织 · wall_segment Stone Wall x2 |
| 21:48 | mbettis243 · first_building Dock |
| 21:53 | Biggus Dickus · first_market_buy 100 food |
| 22:01 | kunal-AOE · first_building Castle |
| 22:14 | 圣代桥冰织 · wall_segment Stone Wall x1 |
| 22:15 | 圣代桥冰织 · wall_segment Stone Wall x1 |
| 22:16 | 圣代桥冰织 · wall_segment Stone Wall x3 |
| 22:17 | 圣代桥冰织 · wall_segment Stone Wall x1 |
| 22:18 | 圣代桥冰织 · wall_segment Stone Wall x1 |
| 23:15 | CC182 · wall_segment Stone Wall x7 |
| 23:31 | Desastamasta88 · first_building Castle |
| 23:38 | Biggus Dickus · first_market_sell 100 wood |
| 23:43 | kunal-AOE · first_building Siege Workshop |
| 23:44 | 北宫寻思 · age_up castle |
| 23:54 | mbettis243 · age_up castle |
| 23:55 | 北宫寻思 · first_building Castle |
| 24:31 | 圣代桥冰织 · first_building Barracks |
| 24:52 | thomas shelby · first_market_buy 100 wood |
| 25:01 | Desastamasta88 · first_market_sell 100 food |
| 25:22 | Desastamasta88 · first_building Siege Workshop |
| 25:35 | kunal-AOE · wall_segment Palisade Wall x1 |
| 26:26 | 圣代桥冰织 · first_building Stable |
| 26:33 | thomas shelby · first_building Barracks |
| 26:39 | Biggus Dickus · age_up castle |
| 27:04 | 圣代桥冰织 · first_building Castle |
| 28:46 | Biggus Dickus · first_building Castle |
| 28:53 | thomas shelby · first_building Stable |
| 29:48 | Biggus Dickus · first_building Monastery |
| 30:03 | thomas shelby · wall_segment Stone Wall x1 |
| 30:23 | 圣代桥冰织 · age_up imperial |
| 30:51 | thomas shelby · first_building Castle |
| 31:41 | thomas shelby · tribute_sent a jugador 1 |
| 31:41 | thomas shelby · tribute_sent a jugador 2 |
| 31:41 | thomas shelby · tribute_sent a jugador 3 |
| 31:41 | thomas shelby · tribute_sent a jugador 4 |
| 31:41 | thomas shelby · tribute_sent a jugador 5 |
| 31:41 | thomas shelby · tribute_sent a jugador 6 |
| 31:41 | thomas shelby · tribute_sent a jugador 7 |
| 31:49 | thomas shelby · tribute_sent a jugador 1 |
| 31:49 | thomas shelby · tribute_sent a jugador 2 |
| 31:49 | thomas shelby · tribute_sent a jugador 3 |
| 31:49 | thomas shelby · tribute_sent a jugador 4 |
| 31:49 | thomas shelby · tribute_sent a jugador 5 |
| 31:49 | thomas shelby · tribute_sent a jugador 6 |
| 31:49 | thomas shelby · tribute_sent a jugador 7 |
| 32:15 | thomas shelby · wall_segment Stone Wall x16 |
| 33:50 | 北宫寻思 · age_up imperial |
| 35:17 | mbettis243 · first_building Castle |
| 35:46 | thomas shelby · age_up imperial |
| 36:39 | mbettis243 · first_building Barracks |
| 38:17 | thomas shelby · first_building Siege Workshop |
| 39:35 | 圣代桥冰织 · first_building Monastery |
| 40:18 | Desastamasta88 · resign |
[ AI ANALYSIS · 1 CREDIT ]
What really happened in this match?
Wolo.gg analyzes every decision: build order, eco, micro, common mistakes by bracket. Personalized analysis on WhatsApp or Discord in 30 seconds.
Civ guide
Armenians
Map guide
Nomad
Perfil
Jugador #251689